 Dungeon Sprint DCSS version 0.19.0-19-g8c6edcc (webtiles) character file.

64878 NINUZHNO the Hoplite (level 15, -13/256 HPs)
             Began as a Halfling Fighter on Nov 14, 2016.
             Was a Believer of Uskayaw.
             Mangled by Mennas
             ... wielding a +1 trishula of holy wrath
              (26 damage)
             ... in the Dungeon (Sprint IX: "|||||||||||||||||||||||||||||").
             The game lasted 00:26:40 (5027 turns).

NINUZHNO the Hoplite (Halfling Fighter)             Turns: 5027, Time: 00:26:41

Health: -13/256    AC: 27    Str: 25    XL:     15   Next: 55%
Magic:  29/29      EV:  3    Int:  6    God:    Uskayaw [**....]
Gold:   9          SH: 18    Dex: 18    Spells: 0 memorised, 14 levels left

rFire  + + .     SeeInvis .     o - +2 rapier (drain)
rCold  . . .     Gourm    .     (armour currently unavailable)
rNeg   + + +     Faith    .     c - +0 shield
rPois  +         Spirit   .     (helmet currently unavailable)
rElec  .         Reflect  .     (cloak currently unavailable)
rCorr  .         Harm     .     (gloves currently unavailable)
MR     +....     NoTele   +     (boots currently unavailable)
Stlth  ..........               z - amulet of regeneration
                                I - ring of protection from fire
                                M - ring of protection from fire

@: mighty, berserking, tree-form, very slightly contaminated, hasted, glowing,
silenced, very quick
A: mutation resistance 1
a: Renounce Religion


You were in the Dungeon.
You worshipped Uskayaw.
Uskayaw was greatly pleased with you.
You were near starving.
You were a tree.
You visited 1 branch You collected 1915 gold pieces.
You spent 1906 gold pieces at shops.

Inventory:

Hand Weapons
 o - a +2 rapier of draining (weapon)
 p - a +2 scimitar of holy wrath
 u - a +4 scimitar of flaming
Armour
 b - +0 fire dragon scales
 c - a +0 shield (worn)
 q - a +0 pair of boots (melded)
 r - a +0 pair of gloves
 C - a +0 cloak (melded)
 D - a +0 helmet (melded)
 E - a +2 pair of gloves of archery (melded)
 P - a +1 crystal plate armour
 Q - the +8 plate armour of the Hot Ocelot (melded) {rF- rC++ Int+3 Stlth+}
   (You found it in the Dungeon)

   It affects your intelligence (+3).
   It makes you vulnerable to fire.
   It greatly protects you from cold.
   It makes you more stealthy.
Jewellery
 s - a +3 ring of intelligence
 t - a +2 ring of evasion
 z - an amulet of regeneration (around neck)
 H - a cursed ring of protection from cold
 I - a ring of protection from fire (right branch)
 J - an uncursed amulet of rage
 K - an uncursed ring of ice
 M - a ring of protection from fire (left branch)
 N - an uncursed ring of fire
 O - an uncursed ring of ice
Wands
 n - a wand of lightning (5/15)
 L - a wand of teleportation (3/9)
Scrolls
 j - 3 scrolls of remove curse
 k - a scroll of blinking
 m - 3 scrolls of amnesia
 w - a scroll of fear
 x - 4 scrolls of enchant weapon
 y - 2 scrolls of recharging
 T - 4 scrolls of enchant armour
Potions
 d - a potion of might
 g - a potion of invisibility
 i - 3 potions of magic
 l - a potion of berserk rage
 F - 2 potions of cancellation
 R - a potion of brilliance
 S - a potion of cure mutation
Comestibles
 a - 6 chunks of flesh
 f - 13 bread rations
 A - 38 fruits
 B - 10 meat rations


   Skills:
 + Level 14.6 Fighting
 - Level 14.9(16.9) Short Blades
 + Level 12.0(14.1) Long Blades
 + Level 17.0 Armour
 - Level 12.9 Dodging
 * Level 22.5 Shields
 * Level 20.7 Invocations


You had 14 spell levels left.
You didn't know any spells.

Dungeon Overview and Level Annotations

Branches:
Dungeon (1/1)

Altars:
Cheibriados
Dithmenos
Elyvilon
Fedhas
Gozag
Hepliaklqana
Kikubaaqudgha
Makhleb
Nemelex Xobeh
Okawaru
Qazlal
Ru
Sif Muna
Trog
Uskayaw
Vehumet
Xom
Yredelemnul
Zin
The Shining One
Beogh
Jiyva
Lugonu

Shops:
D *!=*

Annotations:
D Mennas


Innate Abilities, Weirdness & Mutations

You are small and have problems with some larger weapons.
You are somewhat resistant to further mutation.


Message History

* * * LOW HITPOINT WARNING * * *
Mennas blocks your attack.
Mennas is moderately wounded.
Mennas blocks your attack.
Mennas is moderately wounded.
Mennas hits you with a trishula of holy wrath!
* * * LOW HITPOINT WARNING * * *
Mennas hits you but does no damage.
You are near starving!
Mennas blocks your attack.
Mennas is moderately wounded.
Mennas hits you but does no damage. You block Mennas's attack.
You puncture Mennas!
Mennas is heavily wounded.
You barely miss Mennas.
Mennas is heavily wounded.
You barely miss Mennas.
Mennas is heavily wounded.
Mennas hits you with a trishula of holy wrath!!
You die...

▓[▓(▓.▓.▓)▓.▓)▓.▓.
▓)▓(▓.▓.▓)▓.▓)▓.▓.
▓(▓.▓.▓.▓)▓.▓)▓.▓.
▓(▓.▓.▓.▓)▓.▓)▓.▓.
▓(▓.▓†▓(▓)▓.▓)▓.▓.
▓)▓÷▓'▓.▓)▓.▓)▓.▓.
▓)▓(▓.▓.▓.▓.▓[▓.▓)
▓A▓(▓.▓.▓.▓.▓)▓.▓(
▓♣▓.▓.▓.▓.▓.▓.▓.▓.
▓)▓(▓.▓)▓.▓.▓)▓.▓.
▓.▓.▓.▓.▓.▓.▓.▓.▓.
▓.▓)▓.▓.▓'▓.▓.▓.▓.
▓.▓.▓.▓.▓.▓.▓.▓.▓.
▓.▓.▓.▓.▓.▓.▓.▓.▓'
▓.▓.▓.▓.▓.▓.▓.▓.▓.
▓.▓)▓.▓.▓.▓.▓.▓.▓.
▓.▓.▓.▓.▓.▓.▓.▓.▓.


You could see Mennas.

Vanquished Creatures
  A sphinx (D)
  A fire giant (D)
  A frost giant (D)
  A ghost moth (D)
  2 ironheart preservers (D)
  6 stone giants (D)
  2 entropy weavers (D)
  Azrael (D)
  2 ettins (D)
  A merfolk impaler (D)
  A fire dragon (D)
  2 ogre magi (D)
  A great orb of eyes (D)
  Erolcha (D)
  2 yaktaur captains (D)
  2 naga warriors (D)
  2 hydras (D)
  2 ice dragons (D)
  An anaconda (D)
  An alligator snapping turtle (D)
  3 centaur warriors (D)
  An alligator (D)
  3 deep troll earth magi (D)
  A naga sharpshooter (D)
  Urug (D)
  A shock serpent (D)
  A spriggan (D)
  A shadow wraith (D)
  A sea snake (D)
  A wizard (D)
  2 flayed ghosts (D)
  A deep elf archer (D)
  4 swamp dragons (D)
  A spriggan druid (D)
  3 ironbrand convokers (D)
  A shambling mangrove (D)
  9 orc knights (D)
  A necromancer (D)
  A wolf spider (D)
  A mana viper (D)
  A deep elf mage (D)
  A cyclops (shapeshifter) (D)
  An ugly thing (D)
  A manticore (D)
  A moth of wrath (D)
  A cyclops (D)
  Joseph (D)
  A black mamba (D)
  A gargoyle (D)
  A black mamba (shapeshifter) (D)
  A vault sentinel (D)
  2 naga magi (D)
  5 spiny frogs (D)
  2 yaktaurs (D)
  A demonic crawler (D)
  A komodo dragon (D)
  3 tyrant leeches (D)
  A merfolk (D)
  2 trolls (D)
  A wind drake (D)
  4 hornets (D)
  2 bog bodies (D)
  A blink frog (D)
  3 slime creatures (D)
  A snapping turtle (D)
  2 hippogriffs (D)
  A wraith (D)
  3 redbacks (D)
  A wyvern (D)
  A water elemental (D)
  3 yaks (D)
  2 basilisks (D)
  A hog (shapeshifter) (D)
  A hungry ghost (D)
  4 fire elementals (D)
  A vampire mosquito (D)
  A mottled dragon (D)
  2 hell hounds (D)
  2 porcupines (D)
  3 water moccasins (D)
  A swamp drake (D)
  18 orc warriors (D)
  An ogre (D)
  2 centaurs (D)
  2 crocodiles (D)
  2 bullfrogs (D)
  A crimson imp (D)
  6 orc priests (D)
  3 orc wizards (D)
  2 iguanas (D)
  3 worker ants (D)
  An adder (D)
  An ooze (D)
  A dart slug (D)
  3 orcs (D)
  A frilled lizard (D)
  A giant cockroach zombie (D)
  A kobold (D)
  A rat (D)
190 creatures vanquished.

Vanquished Creatures (others)
  A spiny frog (D)
  A redback (D)
2 creatures vanquished.

Grand Total: 192 creatures vanquished

Notes
Turn   | Place    | Note
-------+----------+-------------------------------------------
     0 | D        | NINUZHNO the Halfling Fighter began the quest for the Orb.
     0 | D        | Reached XP level 1. HP: 15/15 MP: 1/1
     8 | D        | Reached XP level 2. HP: 20/20 MP: 2/2
    14 | D        | Reached skill level 4 in Shields
    28 | D        | Noticed an ogre
    28 | D        | Noticed a centaur
    28 | D        | Noticed a crimson imp
    35 | D        | Reached skill level 5 in Shields
    35 | D        | Reached XP level 3. HP: 25/25 MP: 3/3
    41 | D        | Killed a centaur
    41 | D        | Reached skill level 6 in Shields
    41 | D        | Reached XP level 4. HP: 30/30 MP: 4/4
    41 | D        | Reached XP level 5. HP: 35/35 MP: 5/5
    45 | D        | Reached skill level 10 in Short Blades
    45 | D        | Reached skill level 7 in Shields
    51 | D        | Killed an ogre
    51 | D        | Reached skill level 8 in Shields
    51 | D        | Reached XP level 6. HP: 14/41 MP: 6/6
    75 | D        | Found a roughly hewn altar of Beogh.
    75 | D        | Found a snail-covered altar of Cheibriados.
    75 | D        | Found a shadowy altar of Dithmenos.
    75 | D        | Found a white marble altar of Elyvilon.
    75 | D        | Found a blossoming altar of Fedhas.
    75 | D        | Found an opulent altar of Gozag.
    76 | D        | Found a hazy altar of Hepliaklqana.
    77 | D        | Found a viscous altar of Jiyva.
    78 | D        | Found an ancient bone altar of Kikubaaqudgha.
    79 | D        | Found a corrupted altar of Lugonu.
    80 | D        | Found a burning altar of Makhleb.
    81 | D        | Found a sparkling altar of Nemelex Xobeh.
    82 | D        | Found an iron altar of Okawaru.
    83 | D        | Found a stormy altar of Qazlal.
    84 | D        | Found a sacrificial altar of Ru.
    85 | D        | Found a deep blue altar of Sif Muna.
    86 | D        | Found a bloodstained altar of Trog.
    87 | D        | Found a hide-covered altar of Uskayaw.
    88 | D        | Found a radiant altar of Vehumet.
    89 | D        | Found a shimmering altar of Xom.
    90 | D        | Found a basalt altar of Yredelemnul.
    91 | D        | Found a glowing silver altar of Zin.
    92 | D        | Found a glowing golden altar of the Shining One.
    95 | D        | Became a worshipper of Uskayaw the Reveler
   284 | D        | Noticed a gargoyle
   284 | D        | Noticed a troll
   284 | D        | Noticed a yak
   286 | D        | Reached * piety under Uskayaw
   290 | D        | Reached ** piety under Uskayaw
   291 | D        | Killed a yak
   291 | D        | Reached XP level 7. HP: 46/46 MP: 6/8
   294 | D        | Reached *** piety under Uskayaw
   295 | D        | Killed a troll
   295 | D        | Reached skill level 5 in Armour
   295 | D        | Reached skill level 9 in Shields
   295 | D        | Reached **** piety under Uskayaw
   297 | D        | Killed a gargoyle
   297 | D        | Reached skill level 5 in Fighting
   297 | D        | Reached skill level 5 in Invocations
   297 | D        | Reached XP level 8. HP: 42/55 MP: 6/11
   297 | D        | Reached ***** piety under Uskayaw
   299 | D        | Reached skill level 5 in Dodging
   368 | D        | Noticed a hornet
   368 | D        | Noticed a troll
   368 | D        | Noticed a manticore
   374 | D        | Killed a manticore
   374 | D        | Reached skill level 10 in Shields
   374 | D        | Reached XP level 9. HP: 55/62 MP: 11/13
   381 | D        | Killed a troll
   386 | D        | Killed a hornet
   566 | D        | Noticed a hippogriff
   566 | D        | Noticed a spiny frog
   570 | D        | Noticed an eight-headed hydra
   574 | D        | Reached skill level 11 in Shields
   594 | D        | Killed a spiny frog
   597 | D        | Reached ****** piety under Uskayaw
   607 | D        | Killed an eight-headed hydra
   607 | D        | Reached skill level 12 in Shields
   607 | D        | Reached XP level 10. HP: 36/71 MP: 14/16
   795 | D        | Noticed a spiny frog
   802 | D        | Noticed a five-headed hydra
   808 | D        | Reached skill level 13 in Shields
   817 | D        | Killed a spiny frog
   834 | D        | Killed a five-headed hydra
   834 | D        | Reached skill level 10 in Armour
   836 | D        | Reached XP level 11. HP: 32/78 MP: 16/18
  1066 | D        | Reached skill level 14 in Shields
  1071 | D        | Reached skill level 10 in Invocations
  1075 | D        | Reached skill level 10 in Dodging
  1369 | D        | Noticed an orc knight
  1402 | D        | Killed an orc knight
  1500 | D        | Reached skill level 15 in Shields
  1685 | D        | Found Laar's General Store.
  1685 | D        | Noticed an orc knight
  1690 | D        | Noticed an orc knight
  1692 | D        | Found Zarufesm's Jewellery Shop.
  1692 | D        | Noticed an orc knight
  1703 | D        | Killed an orc knight
  1704 | D        | Found Idocakhlo's Distillery.
  1704 | D        | Noticed an orc knight
  1716 | D        | Noticed an orc knight
  1719 | D        | Noticed an orc knight
  1719 | D        | Killed an orc knight
  1720 | D        | Found Quirph Qikh's General Store.
  1723 | D        | Killed an orc knight
  1723 | D        | Reached skill level 10 in Fighting
  1723 | D        | Reached XP level 12. HP: 52/87 MP: 20/20
  1876 | D        | Reached skill level 16 in Shields
  2156 | D        | Bought a +2 pair of gloves of archery for 279 gold pieces
  2156 | D        | Bought a potion of curing for 39 gold pieces
  2156 | D        | Bought a potion of berserk rage for 65 gold pieces
  2158 | D        | Bought 2 potions of cancellation for 192 gold pieces
  2158 | D        | Bought a potion of heal wounds for 60 gold pieces
  2158 | D        | Bought a potion of lignification for 36 gold pieces
  2158 | D        | Bought a potion of curing for 36 gold pieces
  2158 | D        | Bought a potion of might for 48 gold pieces
  2160 | D        | Bought a cursed ring of protection from cold for 286 gold pieces
  2160 | D        | Bought an uncursed ring of protection from fire for 325 gold pieces
  2160 | D        | Bought an uncursed amulet of rage for 520 gold pieces
  2162 | D        | Bought a scroll of identify for 20 gold pieces
  2204 | D        | Noticed Erolcha
  2208 | D        | Paralysed by Erolcha for 4 turns
  2222 | D        | Killed Erolcha
  2239 | D        | Noticed Urug
  2264 | D        | Killed Urug
  2323 | D        | Got the +8 plate armour of the Hot Ocelot {rF- rC++ Int+3 Stlth+}
  2375 | D        | Noticed a centaur warrior
  2388 | D        | Killed a centaur warrior
  2388 | D        | Reached skill level 1 in Long Blades
  2390 | D        | Noticed a stone giant
  2429 | D        | Noticed a deep troll earth mage
  2429 | D        | Noticed an ettin
  2429 | D        | Noticed a deep troll earth mage
  2433 | D        | Killed a stone giant
  2433 | D        | Reached skill level 17 in Shields
  2435 | D        | Noticed a stone giant
  2438 | D        | Noticed a fire dragon
  2440 | D        | Noticed a flayed ghost
  2440 | D        | Killed a deep troll earth mage
  2440 | D        | Killed a deep troll earth mage
  2442 | D        | Killed an ettin
  2442 | D        | Reached XP level 13. HP: 95/95 MP: 15/23
  2444 | D        | Killed a stone giant
  2463 | D        | Killed a fire dragon
  2463 | D        | Reached skill level 5 in Long Blades
  2586 | D        | Noticed Azrael
  2609 | D        | Killed Azrael
  2609 | D        | Reached skill level 18 in Shields
  2609 | D        | Reached skill level 15 in Invocations
  2642 | D        | Noticed Joseph
  2658 | D        | Killed Joseph
  2710 | D        | Noticed an entropy weaver
  2743 | D        | Killed a ghost moth
  2772 | D        | Killed an entropy weaver
  2942 | D        | Noticed a naga warrior
  2942 | D        | Noticed an anaconda
  2942 | D        | Noticed a naga warrior
  2958 | D        | Killed a naga warrior
  2966 | D        | Killed an anaconda
  2966 | D        | Reached skill level 19 in Shields
  2976 | D        | Killed a naga warrior
  3132 | D        | Reached XP level 14. HP: 35/104 MP: 26/26
  3138 | D        | HP: 5/104 [poisoned by a hornet]
  3144 | D        | HP: 5/104 [poisoned by a hornet]
  3553 | D        | Reached skill level 15 in Armour
  3653 | D        | Reached skill level 20 in Shields
  3962 | D        | Noticed a stone giant
  3966 | D        | Noticed a stone giant
  3980 | D        | Noticed a stone giant
  3982 | D        | Noticed a frost giant
  4019 | D        | Killed a stone giant
  4021 | D        | Noticed a fire giant
  4183 | D        | Killed a stone giant
  4245 | D        | Killed a stone giant
  4245 | D        | Reached skill level 10 in Long Blades
  4318 | D        | Killed a frost giant
  4318 | D        | Reached skill level 21 in Shields
  4352 | D        | Killed a fire giant
  4422 | D        | Noticed a stone giant
  4430 | D        | Killed a stone giant
  4430 | D        | Reached XP level 15. HP: 112/112 MP: 28/28
  4496 | D        | Noticed an ironheart preserver
  4530 | D        | Killed an ironheart preserver
  4586 | D        | Noticed a sphinx
  4611 | D        | Killed a sphinx
  4638 | D        | Noticed an ironheart preserver
  4642 | D        | Reached skill level 22 in Shields
  4663 | D        | Killed an ironheart preserver
  4838 | D        | Noticed Mennas
  5023 | D        | HP: 12/256 [Mennas/trishula of holy wrath (9)]
  5027 | D        | Mangled by Mennas

Skill      XL: |  1  2  3  4  5  6  7  8  9 10 11 12 13 14 15 |
---------------+----------------------------------------------+-----
Short Blades   | 4 6 9 11 12 13 14 | 14.9
Shields        | 5 6 8 9 10 12 13 15 17 19 21 22 | 22.5
Fighting       | 3 5 7 8 10 11 12 13 14 | 14.6
Armour         | 4 6 9 10 11 13 14 16 17 | 17.0
Dodging        | 2 4 5 8 9 11 12 | 12.9
Invocations    | 2 5 8 9 11 14 16 19 20 | 20.7
Long Blades    | 4 7 10 12 | 12.0

Action                   |  1- 3 |  4- 6 |  7- 9 | 10-12 | 13-15 || total
-------------------------+-------+-------+-------+-------+-------++-------
Melee: Rapier            |    25 |    22 |    59 |   372 |   823 ||  1301
Invok: Grand Finale      |       |       |       |     3 |     2 ||     5
       Line Pass         |       |       |       |     3 |     7 ||    10
       Stomp             |       |       |       |     1 |     1 ||     2
Evoke: Wand              |       |       |       |       |     3 ||     3
  Use: Potion            |     1 |     2 |     1 |     3 |    22 ||    29
       Scroll            |       |       |       |     1 |     4 ||     5
 Stab: Paralysed         |       |       |     6 |    23 |    43 ||    72
       Confused          |       |       |       |     1 |     9 ||    10
       Distracted        |       |       |       |       |     1 ||     1
  Eat: Chunk             |       |       |       |     6 |     4 ||    10
       Fruit             |       |       |       |     2 |       ||     2
       Meat ration       |       |       |       |     1 |     1 ||     2
Armor: Scale mail        |     8 |     2 |       |       |       ||    10
       Chain mail        |       |     1 |     7 |    26 |       ||    34
       Plate armour      |       |       |       |     6 |   198 ||   204
       Skin              |       |       |       |       |     5 ||     5
Dodge: Dodged            |     6 |     1 |    18 |    76 |   186 ||   287
Block: Shield            |    10 |     5 |    20 |   111 |   362 ||   508
